 Dungeon Crawl Stone Soup version 0.17-a0-910-ga669010 (webtiles) character file.

91 inmateoo the Twirler (level 4, -5/34 HPs)
             Began as a Human Gladiator on May 2, 2015.
             Was a Believer of Cheibriados.
             Killed by nerve-wracking pain
             ... invoked by Grinder
              (11 damage)
             ... on level 4 of the Dungeon.
             The game lasted 00:03:10 (2187 turns).

inmateoo the Twirler (Human Gladiator)              Turns: 2187, Time: 00:03:11

Health: -5/34      AC:  5    Str: 20    XL:     4   Next: 88%
Magic:  4/4        EV: 14    Int: 12    God:    Cheibriados [**....]
Gold:   158        SH:  0    Dex: 18    Spells: 0 memorised, 3 levels left

rFire  . . .     SeeInvis .     a - +0 quarterstaff
rCold  . . .     Clarity  .     b - +0 leather armour
rNeg   . . .     SustAb   .     (no shield)
rPois  .         Gourm    .     c - +0 helmet
rElec  .         Spirit   .     s - +0 cloak
rCorr  .         Warding  .     (no gloves)
rMut   .         Stasis   .     (no boots)
MR     .....                    (no amulet)
Stlth  +.........               (no ring)
                                (no ring)

@: about to teleport, very slightly contaminated, hasted, not resistant to
hostile enchantments, very unstealthy
A: no striking features
a: Bend Time, Renounce Religion


You were on level 4 of the Dungeon.
You worshipped Cheibriados.
Cheibriados was pleased with you.
You were not hungry.

You visited 1 branch of the dungeon, and saw 4 of its levels.

You collected 158 gold pieces.

Inventory:

Hand weapons
 a - a +0 quarterstaff (weapon)
Missiles
 d - 4 throwing nets (quivered)
Armour
 b - a +0 leather armour (worn)
 c - a +0 helmet (worn)
 s - a +0 cloak (worn)
Jewellery
 r - an uncursed ring of protection from fire {unknown}
Scrolls
 f - 4 scrolls of identify
 h - 2 scrolls of noise
 i - a scroll of fog {unknown}
 j - a scroll of enchant armour {unknown}
 k - 2 scrolls of remove curse
 l - a scroll of recharging {unknown}
 m - a scroll of amnesia {unknown}
Potions
 o - a potion of degeneration
Comestibles
 e - 4 bread rations
 n - a beef jerky
 q - a meat ration


   Skills:
 + Level 2.8 Fighting
 * Level 3.9 Staves
 - Level 2.0 Throwing
 + Level 1.0 Armour
 + Level 3.6 Dodging
 + Level 0.7 Invocations


You had 3 spell levels left.
You didn't know any spells.

Dungeon Overview and Level Annotations

Branches:
Dungeon (4/15)
 Temple: D:4-7

Altars:
Cheibriados
Dithmenos
Makhleb
Sif Muna
Xom

Annotations:
D:4 Grinder


Message History

You are very lightly contaminated with residual magic.
Unknown command.
The rat bites you but does no damage.
Found a scroll of identify.
Read which item? (? for menu, Esc to quit)
As you read the scroll labeled JEROM FUT BUY, it crumbles to dust.
You hear a loud clanging noise!
It was a scroll of noise.
You hear a shout!
Read which item? (? for menu, Esc to quit)
As you read the scroll labeled ZUWKOE TODGHORO, it crumbles to dust.
You feel blessed for a moment.
It was a scroll of remove curse.
The rat closely misses you.
Read which item? (? for menu, Esc to quit)
As you read the scroll labeled TAGOOP XUCAOPU, it crumbles to dust.
You feel strangely unstable.
It was a scroll of teleportation.
The rat barely misses you. Grinder gestures at you.
Pain shoots through your body!
You die...

. .### . .. ..## ..# #..# #..#
?..# #...##..#####...##
##.......#......... ..?.
#............... ....
#...r.@........ .
#..###..##.###...### #.
#..#..###.###...#
##..##...5.##........#
.....................#
.##......$.5##...#.##
##.)._...####..#.#
#.........##..##.#
.................##.###########


You could see Grinder and a rat.

Vanquished Creatures
  An ooze (D:1)
  A worm (D:2)
  3 giant geckos
  3 orcs (D:3)
  A ball python (D:4)
  10 bats
  9 hobgoblins
  10 kobolds
  3 quokkas
  5 giant cockroaches
  4 giant newts
  9 goblins
  7 jackals (D:1)
  7 rats
73 creatures vanquished.

Notes
Turn   | Place    | Note
--------------------------------------------------------------
     0 | D:1      | inmateoo, the Human Gladiator, began the quest for the Orb.
     0 | D:1      | Reached XP level 1. HP: 16/16 MP: 1/1
   120 | D:1      | Reached XP level 2. HP: 20/22 MP: 2/2
   277 | D:1      | Reached XP level 3. HP: 26/28 MP: 3/3
   671 | D:2      | Found a snail-covered altar of Cheibriados.
   671 | D:2      | Found a shimmering altar of Xom.
   693 | D:2      | Became a worshipper of Cheibriados the Contemplative
  1010 | D:2      | Found a deep blue altar of Sif Muna.
  1062 | D:2      | Reached XP level 4. HP: 23/34 MP: 4/4
  1309 | D:3      | Acquired Cheibriados's first power
  1350 | D:3      | Reached skill level 1 in Armour
  1421 | D:3      | Found a burning altar of Makhleb.
  2155 | D:4      | Found a shadowy altar of Dithmenos.
  2161 | D:4      | Noticed Grinder
  2167 | D:4      | Paralysed by Grinder for 7 turns
  2187 | D:4      | Killed from afar by Grinder

Action                   |  1- 3 |  4- 6 || total
-------------------------+-------+-------++-------
Melee: Quarterstaff      |   117 |   100 ||   217
  Use: Scroll            |       |     4 ||     4
       Potion            |       |     1 ||     1
  Eat: Chunk             |     1 |     2 ||     3
